 Dungeon Crawl Stone Soup version 0.30.0-20-g3615ddf2f0 (webtiles) character file.

Game seed: 5778959555789619093

604 qw the Chopper (level 7, -1/48 HPs)
             Began as a Gargoyle Fighter on May 29, 2023.
             Killed by divine providence
             ... invoked by an orc priest
              (12 damage)
             ... on level 4 of the Dungeon.
             The game lasted 00:01:44 (3242 turns).

qw the Chopper (Gargoyle Fighter)                   Turns: 3242, Time: 00:01:44

Health: -1/48      AC: 15    Str: 22    XL:     7   Next: 42%
Magic:  7/7        EV:  8    Int:  8    God:
Gold:   81         SH:  4    Dex:  9    Spells: 6/6 levels left

rFire   . . .        Y - +0 war axe
rCold   . . .        c - +0 buckler
rNeg    + . .        k - +0 chain mail
rPois   inf          (no helmet)
rElec   +            (no cloak)
rCorr   .            (no gloves)
SInv    .            h - +0 pair of boots
Will    .....        (no amulet) Stlth
                     (no ring)
HPRegen 0.28/turn    (no ring)
MPRegen 0.10/turn

%: no passive effects
@: about to teleport, flying
A: sickness immunity, AC +4, negative energy resistance 1, electricity
resistance, torment resistance 1, petrification resistance, big wings, robust 1
a: no special abilities


You were on level 4 of the Dungeon.
You visited 1 branch of the dungeon, and saw 4 of its levels.

You collected 139 gold pieces.
You spent 58 gold pieces at shops.


Innate Abilities, Weirdness & Mutations

You are immune to sickness and miasma.
Your stone body is resilient. (AC +4)
You are immune to poison.
You resist negative energy. (rN+)
You are resistant to electric shocks. (rElec)
You are resistant to unholy torment.
You are immune to petrification.
Your large and strong wings let you fly.
You are robust. (+10% HP)


   Skills:
 - Level 4.9 Fighting
 + Level 5.3 Axes
 - Level 1.1 Throwing
 - Level 3.2 Armour
 - Level 2.9 Dodging
 - Level 3.2 Shields


You had 6 spell levels left.
You didn't know any spells.
Your spell library was empty.

Inventory:

Hand Weapons
 j - a +0 flail
 Y - a +0 war axe (weapon)
Missiles
 o - 2 boomerangs (quivered)
Armour
 c - a +0 buckler (worn)
 h - a +0 pair of boots (worn)
 k - a +0 chain mail (worn)
 p - a +0 kite shield
Wands
 i - a wand of digging (5)
Scrolls
 a - a scroll of immolation {unknown}
 b - a scroll of enchant weapon {unknown}
 f - a scroll of identify
Potions
 d - a potion of might
 e - 2 potions of mutation
 g - 3 potions of haste {unknown}
 l - a potion of lignification {unknown}
 n - a potion of degeneration {unknown}

Dungeon Overview and Level Annotations

Branches:
Dungeon (4/15)
 Temple: D:4-7

Altars:
Nemelex Xobeh

Shops:
D:4 [


Message History

You hit the orc priest.
The orc priest is severely wounded.
You slash the orc!
You kill the orc!
You barely miss something.
The orc priest hits you but does no damage.
You block something's attack.
The orc priest hits you but does no damage.
Something hits you but does no damage.
You closely miss the orc priest.
The orc priest is severely wounded.
You hit something but do no damage. You block the orc priest's attack.
You hear some strange, mumbled words.
You are confused.
The orc priest mumbles some strange prayers to Beogh against you.
Beogh smites you! Something hits you but does no damage.
The orc priest barely misses you. Something hits you but does no damage.
The orc priest hits you but does no damage.
Something hits you but does no damage. The orc priest barely misses you.
You hear some strange, mumbled words.
Something tries to affect you, but you resist.
The orc priest barely misses you. Something hits you but does no damage.
You feel less confused.
The orc priest looks encouraged for a moment.
Something hits you but does no damage.
You barely miss the orc priest.
The orc priest is severely wounded.
You closely miss something.
The orc priest hits you with a +0 dagger.
You hear some strange, mumbled words.
A magic dart appears from out of thin air!
The magic dart hits you but does no damage.
3242 ||| READING scroll of teleportation.
As you read the scroll of teleportation, it crumbles to dust.
You feel strangely unstable.
The orc priest calls down the wrath of Beogh upon you.
Beogh smites you!
You die...

#.##### #.# #.#.##
####.## ## .....#
##.....## ##.## .#..\#
#.......# ....#
###..###.......###....#
.......#...%...#.......
...#..............#
..###.##........{####
#.##..##........@)..#
...##.....#......o......
.......####.............
.......##.............##
....#..#..........#.....
....##....#.......###.##
.....##..##........ .#
........###........ .
........#.......##.


You could see an orc priest.

Vanquished Creatures
  Grinder (D:3)
  A black bear (D:3)
  A sleepcap (D:4)
  Ijyb (D:3)
  Natasha (thrice) (D:2)
  An iguana (D:3)
  2 orc wizards
  An adder (D:4)
  A worm (D:4)
  A dart slug (D:3)
  13 orcs
  4 ball pythons
  3 bats
  6 endoplasms
  A giant cockroach (D:2)
  2 goblins
  7 hobgoblins
  2 jackals (D:1)
  2 quokkas
  3 frilled lizards
  8 kobolds
  23 rats
87 creatures vanquished.

Notes
Turn   | Place    | Note
-------+----------+-------------------------------------------
     0 | D:1      | qw the Gargoyle Fighter began the quest for the Orb.
     0 | D:1      | Reached XP level 1. HP: 14/14 MP: 1/1
     0 | D:1      | 0 ||| qw: Version: 0.2-a-101-gf424e7f
     0 | D:1      | 0 ||| qw: Game counter: 348
     0 | D:1      | 0 ||| qw: Always use a shield: true
     0 | D:1      | 0 ||| qw: God list: Okawaru
     0 | D:1      | 0 ||| qw: Allow faded altars: false
     0 | D:1      | 0 ||| qw: Do Orc after D:15 true
     0 | D:1      | 0 ||| qw: Do second Lair branch before Depths: true
     0 | D:1      | 0 ||| qw: Lair rune preference: random
     0 | D:1      | 0 ||| qw: Plans: Normal, Zot:1-4, Slime:5, God:TSO, Crypt,
                  | Tomb, Pan, Hells, Abyss, Win
     0 | D:1      | 0 ||| PLANNING D:1-11
    18 | D:1      | Reached skill level 2 in Axes
    41 | D:1      | 41 ||| FLEEEEING.
    42 | D:1      | 42 ||| FLEEEEING.
    66 | D:1      | Reached XP level 2. HP: 19/19 MP: 2/2
    74 | D:1      | You fall into a shaft and drop 1 floor!
   291 | D:1      | 291 ||| DROPPING +0 club.
   679 | D:1      | Reached skill level 3 in Axes
   780 | D:1      | 780 ||| READING scroll labelled VYW KACSEUZ.
   781 | D:1      | 781 ||| READING scroll labelled ITUCZOODAM.
   791 | D:2      | Found a faded altar of an unknown god.
   804 | D:2      | Reached XP level 3. HP: 23/23 MP: 3/3
  1137 | D:2      | Noticed Natasha
  1140 | D:2      | Killed Natasha
  1178 | D:2      | 1178 ||| DROPPING +0 whip.
  1296 | D:2      | Noticed Natasha
  1305 | D:2      | HP: 1/23 [Natasha (8)]
  1306 | D:2      | Killed Natasha
  1307 | D:2      | Reached skill level 4 in Axes
  1307 | D:2      | Reached XP level 4. HP: 2/28 MP: 4/4
  1434 | D:2      | Noticed Natasha
  1441 | D:2      | Killed Natasha
  1465 | D:2      | 1465 ||| DROPPING scarf of invisibility.
  1466 | D:2      | 1466 ||| READING scroll labelled BIRRUR LEWK.
  1467 | D:2      | 1467 ||| READING scroll labelled LUSTOIB VITWU.
  1468 | D:2      | 1468 ||| READING scroll labelled BUQUATH ZIOC.
  1471 | D:2      | 1471 ||| DRINKING 2 viscous blue potions.
  1471 | D:2      | Gained mutation: You are robust. (+10% HP) [potion of
                  | mutation]
  1471 | D:2      | Gained mutation: Your large and strong wings let you fly.
                  | [potion of mutation]
  1615 | D:3      | HP: 3/30 [orc wizard/magic dart (5)]
  1617 | D:3      | Reached XP level 5. HP: 4/35 MP: 5/5
  1761 | D:3      | Noticed Ijyb
  1773 | D:3      | Reached skill level 5 in Axes
  1776 | D:3      | Killed Ijyb
  1900 | D:3      | Noticed a black bear
  1905 | D:3      | Noticed Grinder
  1911 | D:3      | Killed a black bear
  1912 | D:3      | Reached XP level 6. HP: 21/44 MP: 6/6
  1920 | D:3      | Paralysed by Grinder for 5 turns
  1929 | D:3      | Killed Grinder
  1930 | D:3      | Reached XP level 7. HP: 29/48 MP: 7/7
  2034 | D:3      | 2034 ||| Stepping ~*~*~tactically~*~*~ (hiding).
  2035 | D:3      | 2035 ||| Stepping ~*~*~tactically~*~*~ (hiding).
  2036 | D:3      | 2036 ||| Stepping ~*~*~tactically~*~*~ (hiding).
  2038 | D:3      | 2038 ||| Stepping ~*~*~tactically~*~*~ (hiding).
  2446 | D:3      | Found a sparkling altar of Nemelex Xobeh.
  2752 | D:3      | 2752 ||| UPGRADING to +0 pair of boots.
  2757 | D:3      | 2757 ||| UPGRADING to +0 chain mail.
  2767 | D:3      | 2767 ||| DROPPING +0 scale mail.
  2768 | D:3      | 2768 ||| READING scroll labelled DIFECO UWIWKEPS.
  2812 | D:4      | 2812 ||| Stepping ~*~*~tactically~*~*~ (stealth).
  2814 | D:4      | 2814 ||| Stepping ~*~*~tactically~*~*~ (stealth).
  2816 | D:4      | 2816 ||| Stepping ~*~*~tactically~*~*~ (stealth).
  2853 | D:4      | 2853 ||| Stepping ~*~*~tactically~*~*~ (hiding).
  2917 | D:4      | Reached skill level 1 in Throwing
  2986 | D:4      | 2986 ||| DROPPING +2 mace of draining.
  3010 | D:4      | 3010 ||| Stepping ~*~*~tactically~*~*~ (hiding).
  3011 | D:4      | 3011 ||| Stepping ~*~*~tactically~*~*~ (hiding).
  3014 | D:4      | 3014 ||| Stepping ~*~*~tactically~*~*~ (hiding).
  3021 | D:4      | Identified the +0 leather armour of Liberty {rElec Str+3
                  | Int+4}
  3082 | D:4      | 3082 ||| Stepping ~*~*~tactically~*~*~ (stealth).
  3083 | D:4      | 3083 ||| Stepping ~*~*~tactically~*~*~ (stealth).
  3084 | D:4      | 3084 ||| Stepping ~*~*~tactically~*~*~ (stealth).
  3085 | D:4      | 3085 ||| Stepping ~*~*~tactically~*~*~ (stealth).
  3135 | D:4      | Found Utoum's Armour Emporium.
  3139 | D:4      | 3139 ||| BUYING +0 kite shield (58 gold).
  3139 | D:4      | Bought a +0 kite shield for 58 gold pieces
  3139 | D:4      | 3139 ||| SHOPLISTING +1 chain mail of Zikun {rElec rN+
                  | Int+3} (442 gold, have 62).
  3139 | D:4      | 3139 ||| SHOPLISTING +2 chain mail of willpower (279 gold,
                  | have 62).
  3241 | D:4      | HP: 11/48 [orc priest/+0 dagger (4)]
  3242 | D:4      | 3242 ||| READING scroll of teleportation.
  3242 | D:4      | Killed from afar by an orc priest

Levels and vault maps discovered:
D:1:      tarquinn_simple_flora_water_d, layout_basic
D:2:      layout_basic, basic_ecumenical_altar, uniq_natasha
D:3:      layout_basic, mainiacjoe_overflow_small_starburst,
          serial_corexii_hall, corexii_hall_statues_deadend,
          corexii_hall_statues_i, chequers_hall_statues_y,
          chequers_hall_statues_corner_a, corexii_hall_statues_x,
          chequers_hall_statues_corner_a, minmay_rat_hole, uniq_grinder,
          uniq_ijyb
D:4:      layout_cave_pools, serial_shops, shop

Skill      XL: |  1  2  3  4  5  6  7 |
---------------+----------------------+-----
Axes           | 2 3 4 5 |  5.3
Fighting       | 4 |  4.9
Dodging        | 2 |  2.9
Throwing       | 1 |  1.1
Armour         | |  3.2
Shields        | |  3.2

Action                     |  1- 3 |  4- 6 |  7- 9 || total
---------------------------+-------+-------+-------++-------
  Melee: War axe           |    76 |    65 |   118 ||   259
  Throw: Boomerang         |       |       |    14 ||    14
    Use: Scroll            |     2 |     3 |     2 ||     7
         Potion            |       |     1 |       ||     1
 Armour: Scale mail        |    34 |    50 |    17 ||   101
         Chain mail        |       |       |    45 ||    45
  Dodge: Dodged            |    37 |    32 |    40 ||   109
  Block: Buckler           |    13 |    13 |    20 ||    46

Table legend:
 A = Non-vault XP
 B = Vault XP
 C = Vault XP percentage of total XP
 D = Non-vault monster count
 E = Vault monster count
 F = Vault count percentage of total count
                 A         B        C        D         E       F
            +---------+---------+-------+---------+---------+-------
      Total |     476 |     388 |  44.9 |      65 |      22 |  25.3
            +---------+---------+-------+---------+---------+-------
        D:1 |      30 |       0 |   0.0 |      18 |       0 |   0.0
        D:2 |      80 |      35 |  30.4 |       8 |       1 |  11.1
        D:3 |     228 |     353 |  60.8 |      17 |      21 |  55.3
        D:4 |     138 |       0 |   0.0 |      22 |       0 |   0.0
            +---------+---------+-------+---------+---------+-------
